 Dungeon Crawl Stone Soup version 0.28-a0-722-gc0678643b6 (webtiles) character file.

Game seed: 14676872097152672284

213 Lekart the Skirmisher (level 5, 0/47 HPs)
             Began as a Draconian Fighter on Oct 24, 2021.
             Slain by an orc wizard (3 damage)
             ... on level 4 of the Dungeon.
             The game lasted 00:02:44 (3470 turns).

Lekart the Skirmisher (Draconian Fighter)           Turns: 3470, Time: 00:02:45

Health: 0/47       AC:  5    Str: 19    XL:     5   Next: 59%
Magic:  5/5        EV: 12    Int:  8    God:
Gold:   181        SH:  4    Dex: 11    Spells: 0/4 levels left

rFire   . . .      SeeInvis .   a - +0 long sword
rCold   . . .      Faith    .   b - +0 buckler
rNeg    . . .      Spirit   .   (armour unavailable)
rPois   .          Reflect  .   (helmet restricted)
rElec   .          Harm     .   (no cloak)
rCorr   .          Rampage  .   (no gloves)
Will    .....                   (no boots)
Stlth   +.........              (no amulet)
HPRegen 0.15/turn               (no ring)
MPRegen 0.09/turn               (no ring)

@: no status effects
A: AC +5, unfitting armour, cold-blooded
a: no special abilities


You were on level 4 of the Dungeon.
You visited 1 branch of the dungeon, and saw 4 of its levels.

You collected 181 gold pieces.

Inventory:

Hand Weapons
 a - a +0 long sword (weapon)
Armour
 b - a +0 buckler (worn)
Scrolls
 d - a scroll of teleportation {unknown}
 e - a scroll of noise {unknown}
 f - a scroll of fog {unknown}
 h - a scroll of magic mapping {unknown}
Potions
 c - a potion of haste {unknown}
 g - a potion of degeneration {unknown}


   Skills:
 + Level 4.4 Fighting
 + Level 4.1 Long Blades
 + Level 3.4 Dodging
 + Level 3.6 Shields
 * Level 0.1 Spellcasting


You couldn't memorise any spells.
You knew the following spells:

 Your Spells              Type           Power      Damage    Failure   Level
a - Cause Fear            Hex            0%         N/A       99%         4

Your spell library contained the following spells:

 Spells                   Type           Power      Damage    Failure   Level
 Corpse Rot               Necr/Air       0%         N/A       56%         2
 Poisonous Vapours        Pois/Air       0%         N/A       56%         2
 Inner Flame              Hex/Fire       0%         N/A       80%         3
 Discord                  Hex            0%         N/A       100%        8


Dungeon Overview and Level Annotations

Branches:
Dungeon (4/15)
 Temple: D:4-7

Altars:
Xom

Shops:
D:3 (


Innate Abilities, Weirdness & Mutations

Your plain brown scales are hard. (AC +5)
You cannot fit into any form of body armour.
You are cold-blooded and may be slowed by cold attacks.


Message History

The orc is heavily wounded.
You block the orc's attack.
You hit the orc.
The orc is severely wounded.
The orc hits you with a +0 flail.
You barely miss the orc.
Your tail-slap misses the orc.
The orc is severely wounded.
The orc hits you but does no damage.
You hit the orc but do no damage.
Your tail-slap misses the orc.
The orc is severely wounded.
The orc hits you with a +0 flail! You block the orc's attack.
You hit the orc.
You kill the orc!
You barely miss something. Something hits you but does no damage.
You barely miss something. Something hits you.
You miss something.
Your tail-slap misses something.
Something completely misses you. Something hits you.
You hit something. Something hits you.
You closely miss something.
You hear some strange, mumbled words.
Something tries to affect you, but you resist.
You barely miss something. Something hits you.
You slash something! Something hits you.
You miss something.
Your tail-slap misses something.
Something hits you but does no damage.
You hear some strange, mumbled words.
A puff of flame appears from out of thin air!
The puff of flame hits you!
You hit something but do no damage.
Your tail-slap misses something.
Something hits you but does no damage.
You hit something but do no damage. Something barely misses you.
You miss something. Something hits you but does no damage.
You miss something. You tail-slap something. Something hits you.
You closely miss something. You tail-slap something.
You hear some strange, mumbled words.
A puff of flame appears from out of thin air!
The puff of flame hits you!
* * * LOW HITPOINT WARNING * * *
Something hits you.
You die...

#...#..#
#......##
#.......# .
#.......# ..
#...)...## ...
#........# ##....
##...<....##
#......
#..........#
###og..#
#..........###@{#
##............###
#...###.....##
#.## ##..### ##
##.# .## #. #. .#


You could see an orc and a hobgoblin.

Vanquished Creatures
  A black bear (D:4)
  Robin (D:3)
  5 adders
  A worm (D:2)
  5 orcs
  5 ball pythons
  2 endoplasms
  A giant cockroach (D:1)
  11 goblins
  8 hobgoblins
  7 jackals
  A quokka (D:2)
  A bat (D:2)
  4 frilled lizards (D:1)
  5 kobolds
  3 rats
61 creatures vanquished.

Notes
Turn   | Place    | Note
-------+----------+-------------------------------------------
     0 | D:1      | Lekart the Draconian Fighter began the quest for the Orb.
     0 | D:1      | Reached XP level 1. HP: 19/19 MP: 1/1
    90 | D:1      | Reached XP level 2. HP: 18/26 MP: 2/2
   988 | D:2      | Found a faded altar of an unknown god.
  1003 | D:2      | Reached XP level 3. HP: 27/33 MP: 3/3
  1786 | D:3      | Reached XP level 4. HP: 40/40 MP: 4/4
  1972 | D:3      | Noticed Robin
  1992 | D:3      | HP: 2/40 [hobgoblin[Robin] (3)]
  1997 | D:3      | Killed Robin
  2407 | D:3      | HP: 1/33 [orc (3)]
  2746 | D:3      | Found a shimmering altar of Xom.
  2906 | D:3      | Found Tuannarch's Antique Weapon Emporium.
  3088 | D:4      | Noticed a black bear
  3101 | D:4      | Killed a black bear
  3102 | D:4      | Reached XP level 5. HP: 5/47 MP: 5/5
  3388 | D:4      | Learned a level 4 spell: Cause Fear
  3470 | D:4      | Slain by an orc wizard

Illustrated notes

Levels and vault maps discovered:
D:1:      evilmike_arrival_hilbert_curve, layout_basic, st_stairs_2
D:2:      layout_loops_ring, chequers_ecumenical_altar_simple
D:3:      layout_loops_cross, mainiacjoe_overflow_cross_hatched, serial_shops,
          nicolae_diamond_shop, uniq_robin
D:4:      kennysheep_the_goblin_king, layout_cave_pods,
          minmay_temple_entry_ruins, amcnicky_mini_corridor_feature,
          chequers_mini_garden, uniq_eustachio

Skill      XL: |  1  2  3  4 |
---------------+-------------+-----
Dodging        | 3 |  3.4
Long Blades    | 3 4 |  4.1
Fighting       | 4 |  4.4
Shields        | |  3.6
Spellcasting   | |  0.1

Action                   |  1- 3 |  4- 6 || total
-------------------------+-------+-------++-------
Melee: Long sword        |   122 |   104 ||   226
       Tailslap          |    12 |    12 ||    24
  Use: Potion            |       |     1 ||     1
 Stab: Sleeping          |     2 |     1 ||     3
Armor: Skin              |    32 |    34 ||    66
Dodge: Dodged            |    98 |    60 ||   158
Block: Buckler           |    24 |    22 ||    46

Table legend: (Time is in decaauts)
 A = Elapsed time spent in this place.
 B = Non-inter-level travel time spent in this place.
 C = Inter-level travel time spent in this place.
 D = Time resting spent in this place.
 E = Time spent auto-exploring this place.
 F = Levels seen in this place.
 G = Mean time per level.
                   A        B        C        D        E       F      G
               +--------+--------+--------+--------+--------+-----+--------+
         Total |   3531 |   3397 |    134 |    559 |   2374 |   4 |  882.8 |
       Dungeon |   3531 |   3397 |    134 |    559 |   2374 |   4 |  882.8 |
               +--------+--------+--------+--------+--------+-----+--------+

Top non-repeatable levels by time:
     D:3: 1350 daAuts
     D:1: 904 daAuts
     D:2: 887 daAuts
     D:4: 389 daAuts
